 Dungeon Crawl Stone Soup version 0.25.1-2-g60ff931df9 (webtiles) character file.

Game seed: 14823952899231628056

15 raphialitos the Magician (level 2, 0/22 HPs)
             Began as a Naga Wizard on Oct 14, 2020.
             Slain by a hobgoblin
             ... wielding a +0 club
              (3 damage)
             ... on level 1 of the Dungeon.
             The game lasted 00:01:06 (642 turns).

raphialitos the Magician (Naga Wizard)               Turns: 642, Time: 00:01:08

Health: 0/22       AC:  1    Str:  9    XL:     2   Next: 50%
Magic:  5/6        EV: 10    Int: 18    God:
Gold:   0          SH:  0    Dex:  9    Spells: 6/7 levels left

rFire    . . .     SeeInvis +   (no weapon)
rCold    . . .     Gourm    .   (no shield)
rNeg     . . .     Faith    .   a - +0 robe
rPois    +         Spirit   .   b - +0 hat
rElec    .         Reflect  .   (no cloak)
rCorr    .         Harm     .   (no gloves)
MR       .....                  (no barding)
Stlth    ++........             (no amulet)
HPRegen  0.07/turn              (no ring)
MPRegen  0.10/turn              (no ring)

@: very slow
A: large, see invisible, deformed body, poison resistance, slowness 2, slow
metabolism 1, spit poison 1, AC +0
a: Spit Poison


You were on level 1 of the Dungeon.
You were not hungry.

You visited 1 branch of the dungeon, and saw 1 of its levels.

Inventory:

Armour
 a - a +0 robe (worn)
 b - a +0 hat (worn)
Scrolls
 c - a scroll of magic mapping {unknown}
 e - a scroll of teleportation {unknown}
 g - a scroll of remove curse {unknown}
Potions
 f - a potion of heal wounds {unknown}
 h - a potion of lignification {unknown}
Comestibles
 d - 2 rations
 i - 3 chunks of flesh


   Skills:
 + Level 1.8 Dodging
 + Level 3.0 Stealth
 + Level 0.1 Unarmed Combat
 + Level 3.4 Spellcasting
 + Level 1.1 Conjurations
   Level 1.0 Summonings
   Level 1.0 Translocations


You had 6 spell levels left.
You knew the following spells:

 Your Spells              Type           Power        Failure   Level  Hunger
a - Magic Dart            Conj           #...         10%         1    None

Your spell library contained the following spells:

 Spells                   Type           Power        Failure   Level  Hunger
 Blink                    Tloc           N/A          16%         2    ##.....
 Call Imp                 Summ           #.......     16%         2    ##.....
 Slow                     Hex            #.......     24%         2    ##.....
 Conjure Flame            Conj/Fire      #.......     36%         3    ###....
 Mephitic Cloud           Conj/Pois/Air  #.......     38%         3    ###....


Dungeon Overview and Level Annotations

Branches:
Dungeon (1/15)

Altars:


Innate Abilities, Weirdness & Mutations

You cannot wear boots.
Your serpentine skin is tough. (AC +0)
You have supernaturally acute eyesight. (SInv)
Armour fits poorly on your strangely shaped body.
Your system is resistant to poisons. (rPois)
You cover ground very slowly.
You have a slow metabolism.
You can spit poison.


Message History

You hit the frilled lizard.
You kill the frilled lizard!
You hit the hobgoblin but do no damage. The hobgoblin closely misses you.
You closely miss the hobgoblin. The hobgoblin barely misses you.
You hit the hobgoblin.
The hobgoblin is lightly wounded.
The hobgoblin hits you with a +0 club.
You hit the hobgoblin.
The hobgoblin is moderately wounded.
You closely miss the hobgoblin.
The hobgoblin is moderately wounded.
The hobgoblin hits you with a +0 club.
You closely miss the hobgoblin.
The hobgoblin is moderately wounded.
The hobgoblin hits you with a +0 club.
* * * LOW HITPOINT WARNING * * *
You barely miss the hobgoblin.
The hobgoblin is moderately wounded.
The hobgoblin hits you with a +0 club.
You die...

..#..####.......##....8....##
#....#
#.....###...⌠...⌠...###
....##
#.....#...............# ...##
#.....#.8.8.#####.8.8.# ..###
..#####..8..#.<.#..8..#
.##8#. .... 8.8.#+#'#.8.8.#
##..... ..... ..............#
#.....#
#.....#################
...... .......g@.........
....# ##.....###..##...
...8########### ##..# ..#
#.......## ##.## .##
#........#### #..## .#
###.........# ##..## ### .##
#.......###.####....#...##
..###.......#
#.......÷......#
...8#.÷.....#
####............


You could see a hobgoblin.

Vanquished Creatures
  An ooze (D:1)
  3 goblins (D:1)
  A hobgoblin (D:1)
  A bat (D:1)
  A frilled lizard (D:1)
  6 rats (D:1)
13 creatures vanquished.

Notes
Turn   | Place    | Note
-------+----------+-------------------------------------------
     0 | D:1      | raphialitos the Naga Wizard began the quest for the Orb.
     0 | D:1      | Reached XP level 1. HP: 15/15 MP: 4/4
   430 | D:1      | Reached XP level 2. HP: 22/22 MP: 4/6
   642 | D:1      | Slain by a hobgoblin

Illustrated notes

Levels and vault maps discovered:
D:1:      ncdulo_halloftheorcs, layout_rooms, serial_corexii_hall,
          corexii_hall_statues_l, chequers_hall_statues_y

Action                   || total
-------------------------++-------
Melee: Unarmed           ||    38
 Cast: Magic Dart        ||    20
Armor: Robe              ||     6
Dodge: Dodged            ||    16
